 Dungeon Crawl Stone Soup version 0.19.5 (webtiles) character file.

952 Jynx the Spear-Bearer (level 7, -4/66 HPs)
             Began as a Minotaur Fighter on Mar 4, 2017.
             Slain by Menkaure (16 damage)
             ... on level 5 of the Dungeon.
             The game lasted 00:06:10 (3779 turns).

Jynx the Spear-Bearer (Minotaur Fighter)            Turns: 3779, Time: 00:06:10

Health: -4/66      AC:  6    Str: 21    XL:     7   Next: 90%
Magic:  6/6        EV:  9    Int:  5    God:
Gold:   276        SH:  0    Dex: 11    Spells: 0 memorised, 6 levels left

rFire  + . .     SeeInvis .     e - +1 halberd
rCold  . . .     Gourm    .     b - +0 scale mail
rNeg   . . .     Faith    .     (shield currently unavailable)
rPois  .         Spirit   .     (helmet restricted)
rElec  .         Reflect  .     (no cloak)
rCorr  .         Harm     .     (no gloves)
MR     .....                    (no boots)
Stlth  ..........               (no amulet)
                                (no ring)
                                o - ring of protection from fire

@: no status effects
A: retaliatory headbutt, horns 2
a: no special abilities


You were on level 5 of the Dungeon.
You were not hungry.

You visited 2 branches of the dungeon, and saw 6 of its levels.

You collected 276 gold pieces.

Inventory:

Hand Weapons
 e - a +1 halberd (weapon)
Armour
 b - a +0 scale mail (worn)
 l - a +0 plate armour of cold resistance
Jewellery
 o - a ring of protection from fire (left hand)
 q - an uncursed amulet of harm {unknown}
 t - an uncursed ring of ice
 v - a +2 ring of strength {unknown}
Wands
 p - a wand of flame (24/48)
Scrolls
 i - 5 scrolls of remove curse
 s - 2 scrolls of recharging {unknown}
Potions
 a - a potion of lignification {unknown}
 c - 2 potions of cancellation
 d - a potion of mutation
 g - a potion of might
 m - a potion of cure mutation {unknown}
 n - a potion of heal wounds
 r - a potion of agility {unknown}
Comestibles
 f - 3 bread rations
 h - 4 meat rations
 j - 2 fruits
 k - a beef jerky
 u - 6 chunks of flesh


   Skills:
 + Level 7.2 Fighting
 * Level 9.2 Polearms
 - Level 3.6 Armour
   Level 3.6 Shields


You had 6 spell levels left.
You didn't know any spells.

Dungeon Overview and Level Annotations

Branches:
Dungeon (5/15)             Temple (1/1) D:4

Altars:
Ashenzari
Cheibriados
Dithmenos
Elyvilon
Gozag
Hepliaklqana
Kikubaaqudgha
Makhleb
Qazlal
Ru
Trog
Uskayaw
Xom
Yredelemnul
Zin
The Shining One
Jiyva

Annotations:
D:5 Menkaure


Innate Abilities, Weirdness & Mutations

You reflexively headbutt those who attack you in melee.
You have a pair of horns on your head.


Message History

Aim: Menkaure You reach to attack!
You hit Menkaure but do no damage. You puncture Menkaure!
Menkaure is heavily damaged.
Menkaure hits you!
Some of the chunks of flesh in your inventory have rotted away.
You barely miss Menkaure. You headbutt Menkaure!
Menkaure is severely damaged.
Menkaure calls on the powers of darkness!
Your body is wracked with pain!
* * * LOW HITPOINT WARNING * * *
You are too injured to fight recklessly!
You are too injured to fight recklessly!
You are too injured to fight recklessly!
You are too injured to fight recklessly!
You are too injured to fight recklessly!
You barely miss Menkaure.
Menkaure is severely damaged.
Menkaure hits you!
You die...

#####. ..... #.....#
#.#.. .....##### #.###
........# #.# #......#
#.# #......########.###
######......##.........#
#....................#.#
#.....M@.=...#.......#.#
#.....#.##...#....##.#..
#.... #.##.#......##.###
.... ............##....
#.. ...####......######
.. ...>................
# .....####......#####.
......# ######## ## #


You could see Menkaure.

Vanquished Creatures
  Grinder (D:3)
  Edmund (D:5)
  A phantom (D:4)
  An ogre (D:4)
  A centaur (D:5)
  A bullfrog skeleton (D:4)
  3 orc wizards
  An orc priest (D:3)
  A hound (D:4)
  2 worker ants
  2 adders (D:3)
  4 gnolls (D:3)
  An ooze (D:5)
  3 worms
  2 dart slugs
  7 leopard geckos
  14 orcs
  2 ball pythons (D:1)
  8 bats
  6 giant cockroaches
  7 goblins
  5 hobgoblins
  8 jackals
  2 quokkas
  5 frilled lizards
  6 kobolds
  A leopard gecko skeleton (D:4)
  A quokka skeleton (D:5)
  7 rats
104 creatures vanquished.

Notes
Turn   | Place    | Note
-------+----------+-------------------------------------------
     0 | D:1      | Jynx the Minotaur Fighter began the quest for the Orb.
     0 | D:1      | Reached XP level 1. HP: 19/19 MP: 0/0
   207 | D:1      | Reached skill level 3 in Polearms
   207 | D:1      | Reached XP level 2. HP: 27/27 MP: 1/1
   674 | D:2      | Reached XP level 3. HP: 33/33 MP: 2/2
   863 | D:2      | Found a hide-covered altar of Uskayaw.
   870 | D:2      | Found a glowing silver altar of Zin.
   873 | D:2      | Found a stormy altar of Qazlal.
   876 | D:2      | Found a bloodstained altar of Trog.
  1223 | D:3      | Reached skill level 4 in Polearms
  1264 | D:3      | Noticed Grinder
  1277 | D:3      | Killed Grinder
  1277 | D:3      | Reached skill level 5 in Fighting
  1277 | D:3      | Reached skill level 6 in Polearms
  1277 | D:3      | Reached XP level 4. HP: 4/42 MP: 3/3
  1277 | D:3      | Reached XP level 5. HP: 4/48 MP: 4/4
  1604 | D:3      | Reached XP level 6. HP: 15/57 MP: 5/5
  2569 | D:4      | Reached skill level 7 in Polearms
  2779 | D:4      | Reached XP level 7. HP: 63/63 MP: 6/6
  2924 | D:4      | Reached skill level 8 in Polearms
  3102 | D:4      | Found a staircase to the Ecumenical Temple.
  3108 | Temple   | Entered the Ecumenical Temple
  3298 | D:4      | Found a sacrificial altar of Ru.
  3456 | D:4      | Found a hazy altar of Hepliaklqana.
  3458 | D:4      | Found a snail-covered altar of Cheibriados.
  3498 | D:5      | Entered Level 5 of the Dungeon
  3498 | D:5      | Noticed Edmund
  3502 | D:5      | Killed Edmund
  3650 | D:5      | Found a white marble altar of Elyvilon.
  3676 | D:5      | Reached skill level 9 in Polearms
  3774 | D:5      | Noticed Menkaure
  3779 | D:5      | Slain by Menkaure

Skill      XL: |  1  2  3  4  5  6  7 |
---------------+----------------------+-----
Polearms       | 3 6 7 9 |  9.2
Fighting       | 4 5 6 7 |  7.2
Armour         | |  3.6
Shields        | |  3.6

Action                   |  1- 3 |  4- 6 |  7- 9 || total
-------------------------+-------+-------+-------++-------
Melee: Trident           |   123 |    12 |       ||   135
       Headbutt          |    16 |     4 |    10 ||    30
       Halberd           |       |    86 |    63 ||   149
  Use: Potion            |     1 |       |       ||     1
       Scroll            |       |    12 |     1 ||    13
  Eat: Chunk             |     1 |     5 |     3 ||     9
Armor: Scale mail        |    33 |    37 |     8 ||    78
Dodge: Dodged            |    26 |    45 |    21 ||    92
Block: Shield            |    32 |     2 |       ||    34
